Map: Lerilak Crest

Players

nomoreblunts

  • Race: Terran Terran
  • League: Grandmaster

Javert - Winner!

  • Race: Zerg Zerg
  • League: Grandmaster

VOD

Have the link to the VOD?

Description

Time

  • Played on: June 26, 2015, 10:58 p.m.
  • Length: 11:04
Show
View Real Time Build Order
Export as new Build Order

nomoreblunts Terran 

Build Orders: Reaper Expand, MMM Bio 

Get SALT Encoding   

  12  0:01  SCV  
  13  0:13  SCV  
  14  0:21  Supply Depot  
  14  0:25  SCV  
  15  0:42  SCV  
  16  0:46  Barracks  
  16  0:51  Refinery  
  16  0:54  SCV  
  17  1:07  SCV  
  18  1:20  SCV  
  19  1:34  Reaper, Orbital Command  
  19  1:39  Command Center  
  20  1:52  Supply Depot  
  20  2:01  SCV  
  21  2:10  Factory  
  21  2:12  Refinery  
  21  2:13  SCV  
  22  2:16  Marine  
  23  2:25  SCV  
  24  2:37  SCV  
  25  2:45  Barracks Tech Lab  
  25  2:49  SCV  
  25  2:54  Orbital Command  
  25  2:58  Widow Mine  
  25  2:59  Starport  
  25  3:03  SCV  
  28  3:08  Marine  
  28  3:12  Barracks  
  29  3:13  Barracks  
  29  3:16  Stimpack  
  28  3:39  Marine  
  28  3:40  Widow Mine  
  28  4:13  Marine x3  
  33  4:17  Medivac  
  33  4:22  Supply Depot  
  33  4:23  SCV  
  33  4:24  Orbital Command  
  34  4:48  SCV  
  34  4:50  SCV  
  36  4:55  Barracks Reactor  
  36  4:56  Barracks Reactor  
  36  4:58  Factory Reactor  
  36  5:00  SCV, Factory Tech Lab  
  36  5:01  Starport Reactor  
  36  5:02  SCV  
  38  5:12  SCV  
  40  5:14  SCV, Supply Depot  
  40  5:24  SCV  
  40  5:26  SCV  
  42  5:31  Marine  
  42  5:34  Siege Tank  
  46  5:36  SCV, Refinery  
  46  5:38  SCV, Refinery  
  36  5:59  Marine x5  
  38  6:06  Widow Mine  
  39  6:17  Marine  
  40  6:25  SCV x2  
  41  6:37  SCV x2  
  43  6:43  Marine x4  
  43  6:45  Barracks Tech Lab  
  47  6:47  Siege Tank  
  47  6:49  SCV x2  
  52  6:55  Command Center  
  52  6:56  Barracks  
  52  6:57  Barracks  
  52  6:59  Barracks x2  
  52  7:01  Marine x2  
  54  7:12  Supply Depot  
  54  7:14  Supply Depot  
  54  7:15  Supply Depot  
  54  7:27  SCV x2, Marine x3  
  54  7:28  Supply Depot  
  54  7:29  Supply Depot  
  61  7:39  SCV x2  
  61  7:42  Supply Depot  
  63  7:48  Siege Tank  
  63  7:50  Combat Shields  
  64  7:52  Barracks Tech Lab  
  64  7:53  Barracks Tech Lab  
  64  7:54  Barracks Reactor x2  
  64  7:59  SCV x2  
  64  8:02  Supply Depot  
  66  8:10  Engineering Bay  
  66  8:13  Engineering Bay  
  66  8:19  Orbital Command  
  66  8:22  SCV  
  66  8:25  SCV  
  68  8:31  Supply Depot  
  68  8:40  Siege Tank  
  71  8:45  Marauder x3  
  77  8:49  SCV x3  
  77  8:53  Supply Depot  
  80  9:00  Supply Depot  
  80  9:01  SCV x2  
  82  9:04  Medivac  
  82  9:05  Medivac  
  86  9:10  Marauder  
  86  9:11  Marauder  
  86  9:12  Marauder  
  86  9:15  SCV x2  
  94  9:18  SCV  
  95  9:32  Supply Depot  
  95  9:35  Medivac  
  95  9:38  Medivac  
  99  9:39  Marine x5  
  99  9:40  Marine  
  99  9:45  Refinery  
  105  9:51  SCV x2  
  107  9:58  Armory  
  107  10:02  Marauder  
  107  10:22  Marine  
  107  10:23  Marine x8  
  107  10:27  Missile Turret  
  104  10:39  Marine  
  104  10:41  Marine x4  
Show
View Real Time Build Order
Export as new Build Order

Javert Zerg - Winner!

Build Orders: Hatch First, Muta Ling Bane 

Get SALT Encoding   

  12  0:01  Drone  
  13  0:13  Overlord  
  13  0:18  Drone  
  14  0:31  Drone x2  
  16  0:51  Hatchery  
  16  0:52  Drone  
  16  0:57  Extractor  
  16  0:58  Drone  
  16  1:01  Drone  
  17  1:20  Spawning Pool  
  17  1:24  Drone x2  
  18  1:32  Drone  
  19  1:42  Drone  
  20  1:52  Drone  
  21  2:07  Metabolic Boost  
  21  2:08  Queen x2  
  23  2:12  Zergling x4  
  23  2:13  Zergling x2  
  28  2:18  Overlord  
  28  2:40  Drone  
  29  2:51  Zergling x10  
  34  3:00  Overlord  
  31  3:42  Overlord x2  
  31  3:46  Overlord  
  31  3:48  Queen  
  32  4:04  Hatchery, Drone x2  
  32  4:05  Drone x6  
  39  4:17  Lair  
  39  4:19  Extractor  
  39  4:22  Drone x5  
  39  4:23  Drone x4  
  43  4:46  Zergling x10  
  48  4:57  Zergling x8  
  48  4:58  Zergling x8  
  56  5:00  Extractor  
  56  5:02  Extractor  
  56  5:04  Burrow  
  54  5:08  Baneling Nest  
  54  5:10  Drone x2  
  55  5:19  Spore Crawler  
  55  5:20  Overseer  
  54  5:23  Spine Crawler  
  53  5:30  Overlord  
  53  5:31  Drone x3  
  55  5:47  Drone x4  
  55  5:48  Drone  
  54  6:05  Drone x2  
  54  6:06  Drone x3  
  54  6:09  Spire  
  57  6:23  Centrifical Hooks  
  57  6:25  Drone x11  
  63  6:30  Pneumatized Carapace  
  62  6:37  Zergling x10  
  67  6:42  Spine Crawler  
  67  6:43  Extractor  
  67  6:44  Extractor  
  64  6:47  Spine Crawler  
  64  6:50  Overseer  
  64  6:52  Zergling x2  
  64  6:53  Zergling x12  
  70  7:01  Overlord  
  70  7:21  Evolution Chamber  
  69  7:24  Evolution Chamber  
  69  7:26  Mutalisk x7  
  81  7:45  Overlord  
  81  7:46  Overlord  
  81  7:47  Zerg Flyer Weapons Level 1  
  81  7:59  Zergling x2  
  81  8:04  Overlord x2  
  81  8:05  Hydralisk Den  
  81  8:08  Mutalisk  
  81  8:09  Mutalisk x4  
  81  8:12  Baneling x4  
  91  8:13  Baneling  
  91  8:14  Baneling  
  91  8:25  Mutalisk  
  93  8:28  Drone x13  
  93  8:29  Drone x2  
  93  8:31  Zerg Melee Weapons Level 1  
  108  8:46  Mutalisk x3  
  113  8:51  Drone  
  113  8:54  Lurker Den  
  114  8:55  Overlord  
  114  9:01  Infestation Pit  
  113  9:04  Extractor  
  113  9:05  Hatchery, Overlord  
  113  9:06  Overlord  
  113  9:09  Extractor  
  110  9:12  Zergling x6  
  110  9:13  Zergling x2  
  114  9:17  Baneling x2  
  114  9:18  Baneling x6  
  114  9:23  Zergling x8  
  118  9:28  Queen  
  120  9:40  Zergling x12  
  120  9:41  Zergling x8  
  120  9:43  Baneling x3  
  120  9:44  Baneling  
  130  9:56  Overlord x2  
  130  9:57  Overlord  
  130  10:04  Infestation Pit  
Tags
 
Add a new tag
Caveats
  • Supply blocks, unpowered buildings, or Contaminate may cause inaccurate times.
  • Supply counts are checked every 10 seconds.